 Dungeon Crawl Stone Soup version 0.22-a0-110-g5b255cf (webtiles) character file.

36 Kidiri the Magician (level 3, -11/19 HPs)
             Began as a Deep Elf Fire Elementalist on Jan 24, 2018.
             Shot with an arrow by a centaur (14 damage)
             ... on level 2 of the Dungeon on Jan 27, 2018.
             The game lasted 00:05:53 (1608 turns).

Kidiri the Magician (Deep Elf Fire Elementalist)    Turns: 1608, Time: 00:05:54

Health: -11/19     AC:  2    Str:  5    XL:     3   Next: 19%
Magic:  10/10      EV: 11    Int: 20    God:
Gold:   51         SH:  0    Dex: 15    Spells: 1/10 levels left

rFire    . . .     SeeInvis .   e - +0 dagger
rCold    . . .     Gourm    .   (no shield)
rNeg     . . .     Faith    .   a - +0 robe
rPois    .         Spirit   .   (no helmet)
rElec    .         Reflect  .   (no cloak)
rCorr    .         Harm     .   (no gloves)
MR       .....                  (no boots)
Stlth    ++........             (no amulet)
HPRegen  0.06/turn              (no ring)
MPRegen  0.12/turn              (no ring)

@: heavily drained
A: no striking features
a: no special abilities


You were on level 2 of the Dungeon.
You were not hungry.

You visited 1 branch of the dungeon, and saw 2 of its levels.

You collected 51 gold pieces.

Inventory:

Hand Weapons
 e - a +0 dagger (weapon)
Armour
 a - a +0 robe (worn)
Jewellery
 g - an uncursed amulet of harm
Scrolls
 d - a scroll of identify
 i - a scroll of remove curse
 k - a scroll of noise
Potions
 f - a potion of degeneration {unknown}
Books
 b - a book of Flames

   Spells                             Type                      Level
   a - Flame Tongue                   Conjuration/Fire             1
   b - Throw Flame                    Conjuration/Fire             2
   c - Conjure Flame                  Conjuration/Fire             3
   d - Inner Flame                    Hexes/Fire                   3
   e - Sticky Flame                   Conjuration/Fire             4
   f - Fireball                       Conjuration/Fire             5
Comestibles
 c - 3 rations
 h - 4 chunks of flesh


   Skills:
 - Level 2.4(0.8) Dodging
 - Level 2.4(0.8) Stealth
 * Level 4.2(2.5) Spellcasting
 + Level 1.9(0.3) Conjurations
 + Level 3.7(2.0) Fire Magic


You had one spell level left.
You knew the following spells:

 Your Spells              Type           Power        Failure   Level  Hunger
a - Flame Tongue          Conj/Fire      #....        9%          1    None
b - Throw Flame           Conj/Fire      #.....       14%         2    ##.....
c - Conjure Flame         Conj/Fire      #.......     26%         3    ###....
d - Inner Flame           Hex/Fire       #.......     28%         3    ###....


Dungeon Overview and Level Annotations

Branches:
Dungeon (2/15)

Altars:


Message History

Unknown command.
Unknown command.
Unknown command.
h - 4 chunks of flesh (gained 1)
You see here a hobgoblin skeleton.
A giant cockroach comes into view.
A worm and a centaur come into view.
The centaur shouts!
You hear an angry hiss.
The centaur wields a shortbow.
The centaur shoots an arrow.
The arrow hits you!
Ouch! That really hurt!
The giant cockroach closely misses you.
Found 2 javelins.
Found a stone staircase leading down.
A kobold comes into view.
You see here an arrow.
The centaur shoots an arrow.
The arrow hits you.
* * * LOW HITPOINT WARNING * * *
The giant cockroach barely misses you.
The centaur shoots an arrow.
The arrow hits you!
Ouch! That really hurt!
You die...

##...##.รท.#############
##....).....## # .
#............# #
..###............#
.................#
##............##
###....#....##
#.####.####
#.....@#######.
#####..s.......
##.(....## . ##.#..##
.>. .c#...# #.# ..##
.... # ... .### .... .#
..w(K .##


You could see a centaur and a giant cockroach.

Vanquished Creatures
  An adder (D:2)
  A dart slug (D:1)
  A leopard gecko (D:1)
  3 bats (D:1)
  3 giant cockroaches (D:1)
  A goblin (D:2)
  6 hobgoblins
  A quokka (D:2)
  A ball python (D:1)
  A frilled lizard (D:2)
  3 rats (D:1)
22 creatures vanquished.

Notes
Turn   | Place    | Note
-------+----------+-------------------------------------------
     0 | D:1      | Kidiri the Deep Elf Fire Elementalist began the quest for the Orb.
     0 | D:1      | Reached XP level 1. HP: 10/10 MP: 6/6
    89 | D:1      | Upgraded the game from 0.22-a0-93-g6b88ebb to 0.22-a0-110-g5b255cf
   231 | D:1      | Reached XP level 2. HP: 15/15 MP: 5/8
   262 | D:1      | Learned a level 2 spell: Throw Flame
  1421 | D:2      | Reached skill level 4 in Spellcasting
  1423 | D:2      | Reached XP level 3. HP: 19/19 MP: 1/10
  1428 | D:2      | Learned a level 3 spell: Conjure Flame
  1432 | D:2      | Learned a level 3 spell: Inner Flame
  1606 | D:2      | Noticed a centaur
  1608 | D:2      | Shot with an arrow by a centaur

Vault maps used:
D:1:      lightli_arrival_windingriver, serial_bayou, serial_bayou_ford_a,
          serial_bayou_shore_a, serial_bayou_pond_b, serial_bayou_lake_a,
          minmay_crystal_room
D:2:      first_ration, glass_columns_a

Skill      XL: |  1  2 |
---------------+-------+-----
Spellcasting   | 4 |  4.2
Dodging        | |  2.4
Stealth        | |  2.4
Conjurations   | |  1.9
Fire Magic     | |  3.7

Action                   || total
-------------------------++-------
Melee: Dagger            ||     7
 Cast: Flame Tongue      ||    26
       Throw Flame       ||     2
  Use: Scroll            ||     3
 Stab: Sleeping          ||     1
  Eat: Chunk             ||     2
Armor: Robe              ||     2
Dodge: Dodged            ||     8

Table legend:
 A = Spawn XP
 B = Non-spawn XP
 C = Spawn XP percentage of total XP
 D = Spawn monster count
 E = Non-spawn monster count
 F = Spawn count percentage of total count
 G = Total turns spent on level
                    A         B        C        D         E        F      G
               +---------+---------+-------+---------+---------+-------+---------
         Total |       0 |      52 |   0.0 |       0 |      22 |   0.0 |  1608
               +---------+---------+-------+---------+---------+-------+---------
           D:1 |       0 |      30 |   0.0 |       0 |      16 |   0.0 |  1418
           D:2 |       0 |      22 |   0.0 |       0 |       6 |   0.0 |   190
               +---------+---------+-------+---------+---------+-------+---------
